AoeStats
← MatzeAoE

Migration

506227682Analyzed
1v1 RM · 19d ago on Sep 12, 2026· 75m 58s· 2 players
Game mode
Random Map
Map size
132×132
Population
200
Speed
Normal
Resources
Standard
Victory
Conquest
Starting age
Dark Age
Ending age
Imperial Age
RankedLock teamsTeams togetherTeam positionsShared explorationLock speedFull tech treeHidden civsTurbo modeCheats
Victory
Defeat
🇬🇧 Mongols · United Kingdom
1977
+23
🇩🇪 Bohemians · Germany
2151
-23
MatzeAoE
2:59 Loom
7:03 Loom
9:29 Feudal Age
9:55 Double-Bit Axe
11:39 Town Watch
16:34 Fishing Lines
22:38 Castle Age
23:31 Medium Warships
24:07 Siphons
24:14 Clinker Construction
25:37 Bow Saw
29:31 Imperial Age
27:16 Gillnets
30:37 Heavy Warships
30:26 Incendiaries
31:50 Fletching
32:21 Ballistics
34:31 Town Patrol
34:33 Bodkin Arrow
35:00 Horse Collar
39:48 Wagenburg Tactics
40:55 Wheelbarrow
40:56 Elite Hussite Wagon
45:36 Heavy Plow
45:49 Forging
45:42 Bracer
46:48 Guilds
49:32 Iron Casting
51:04 Guard Tower
50:59 Arrowslits
50:55 Treadmill Crane
52:17 Chemistry
64:28 Wheelbarrow
70:36 Pikeman
HiddenZebra
9:11 Feudal Age
9:46 Double-Bit Axe
12:00 Fletching
12:45 Loom
18:05 Castle Age
19:02 Medium Warships
18:51 Bodkin Arrow
23:58 Clinker Construction
25:07 Siphons
27:36 Forging
28:11 Careening
30:12 Bow Saw
35:29 Ballistics
36:17 Horse Collar
37:18 Wheelbarrow
40:28 Imperial Age
38:32 Stone Mining
38:33 Gold Mining
40:36 Bloodlines
40:26 Husbandry
40:45 Padded Archer Armor
40:54 Scale Barding Armor
41:28 Bracer
42:02 Heavy Warships
43:33 Chemistry
42:54 Chain Barding Armor
43:29 Town Watch
44:31 Iron Casting
43:54 Fishing Lines
47:56 Siege Engineers
51:48 Masonry
51:50 Gillnets
53:19 Murder Holes
53:46 Carvel Hull
57:58 Blast Furnace
59:47 Thumb Ring
63:28 Light Cavalry
64:00 Elite Steppe Lancer
64:45 Heavy Plow
65:23 Gold Shaft Mining
65:38 Leather Archer Armor
74:07 Capped Ram
76:21 Drill
76:01 Nomads
76:21 Conscription
Connection lost

Rejoining the realm…

Still unreachable

The connection could not be restored.

Session expired

The server has moved on; the page needs a fresh start.